 Dungeon Crawl Stone Soup version 0.28.0-53-g5a82cb258f (webtiles) character file.

Game seed: 7294061842819844227

1551 Zeld the Skirmisher (level 8, 0/111 HPs)
             Began as a Yellow Draconian Transmuter on June 3, 2022.
             Was an Initiate of Gozag.
             Succumbed to a water moccasin's poison
             ... on level 6 of the Dungeon.
             The game lasted 00:06:39 (7655 turns).

Zeld the Skirmisher (Yellow Draconian Transmuter)   Turns: 7655, Time: 00:06:39

Health: 0/111      AC: 24    Str: 15    XL:     8   Next: 57%
Magic:  15/15      EV:  2    Int: 14    God:    Gozag
Gold:   583        SH:  0    Dex: 11    Spells: 7/17 levels left

rFire   . . .      SeeInvis .     - Unarmed
rCold   . . .      Faith    .   (no shield)
rNeg    . . .      Spirit   .   (armour unavailable)
rPois   +          Reflect  .   (helmet currently unavailable)
rElec   .          Harm     .   (cloak currently unavailable)
rCorr   .          Rampage  .   (gloves currently unavailable)
Will    .....      NoTele   +   (boots currently unavailable)
Stlth   +.........              (no amulet)
HPRegen 0.28/turn               (no ring)
MPRegen 0.14/turn               (no ring)

@: lethally poisoned (0 -> -6), tree-form, gold aura, studying Unarmed Combat
A: stationary, stasis, torment immunity, boosted hp, (spit acid), AC +6,
unfitting armour, (cold-blooded), (acid resistance)
a: Renounce Religion, Potion Petition, Call Merchant, Bribe Branch


You were on level 6 of the Dungeon.
You worshipped Gozag.
Gozag was pleased with you.
You were a tree.
You visited 2 branches of the dungeon, and saw 7 of its levels.

You collected 693 gold pieces.
You paid 110 gold pieces to Gozag.

Inventory:

Armour
 f - a +0 pair of boots (melded)
 t - a +2 pair of gloves (melded)
Wands
 h - a wand of flame (14)
 i - a wand of iceblast (1)
 q - a wand of polymorph (8)
Scrolls
 a - a scroll of summoning {unknown}
 c - 2 scrolls of identify {unknown}
 d - 2 scrolls of teleportation {unknown}
 e - a scroll of fear {unknown}
 g - 2 scrolls of enchant armour {unknown}
 k - a scroll of magic mapping {unknown}
 n - a scroll of vulnerability {unknown}
 s - a scroll of fog {unknown}
 u - a scroll of noise {unknown}
Potions
 b - a potion of mutation {unknown}
 l - a potion of flight
 m - a potion of cancellation {unknown}
 o - 2 potions of lignification
 p - a potion of haste {unknown}
 r - a potion of degeneration {unknown}


   Skills:
 * Level 7.9 Fighting
 + Level 2.0 Dodging
 * Level 3.4 Unarmed Combat
 + Level 5.0 Spellcasting
 + Level 5.3 Transmutations
 - Level 2.0 Ice Magic
 - Level 2.0 Poison Magic


You had 7 spell levels left.
You knew the following spells:

 Your Spells              Type           Power      Damage    Failure   Level
a - Beastly Appendage     Tmut           36%        N/A       1%          1
b - Wereblood             Tmut           18%        N/A       3%          2
c - Spider Form           Tmut/Pois      13%        N/A       12%         3
d - Ice Form              Ice/Tmut       13%        N/A       36%         4

Your spell library contained the following spells:

 Spells                   Type           Power      Damage    Failure   Level
 Slow                     Hex            12%        N/A       17%         1
 Static Discharge         Conj/Air       3%         N/A       26%         2
 Confusing Touch          Hex            3%         N/A       45%         3
 Vampiric Draining        Necr           3%         2d6       45%         3
 Lightning Bolt           Conj/Air       1%         1d12      99%         5
 Maxwell's Capacitive Co  Air            1%         ∞         100%        8


Dungeon Overview and Level Annotations

Branches:
Dungeon (6/15)             Temple (1/1) D:5

Altars:
Ashenzari
Cheibriados
Dithmenos
Fedhas
Gozag
Kikubaaqudgha
Makhleb
Nemelex Xobeh
Okawaru
Qazlal
Ru
Uskayaw
Wu Jian
Xom
Yredelemnul
Zin
The Shining One
Beogh


Innate Abilities, Weirdness & Mutations

You are a tree.
Your roots penetrate the ground, keeping you stationary.
You cannot be teleported.
You are immune to unholy pain and torment.
Your maximum health is greatly increased.
Your equipment is partially melded.
((You can spit globs of acid.))
((Your golden yellow scales are hard. (AC +6)))
You cannot fit into any form of body armour.
((You are cold-blooded and may be slowed by cold attacks.))
((You are resistant to acid. (rCorr)))


Message History

You feel sick.
The water moccasin looks more healthy.
The ice beast hits you but does no damage.
The water moccasin bites you.
* * * LOW HITPOINT WARNING * * *
You are lethally poisoned!
The water moccasin poisons you!
Okay, then.
You barely miss the ice beast.
The ice beast is severely wounded.
* * * LOW HITPOINT WARNING * * *
You feel very sick. The water moccasin barely misses you.
The ice beast hits you but does no damage.
Unknown command.
Unknown command.
You hit the ice beast.
The ice beast is almost dead.
* * * LOW HITPOINT WARNING * * *
You feel very sick.
The water moccasin bites you but does no damage.
The ice beast barely misses you.
Unknown command.
Unknown command.
You smack the ice beast!
You kill the ice beast!
* * * LOW HITPOINT WARNING * * *
You feel very sick.
The water moccasin barely misses you. x2
Your Dodging skill increases to level 2!
Your Spellcasting skill increases to level 5!
Unknown command.
You smack the water moccasin!
The water moccasin is almost dead.
* * * LOW HITPOINT WARNING * * *
You feel sick.
The water moccasin bites you but does no damage.
Unknown command.
It was a potion of flight.
Your roots keep you in place.
You die...
Your body crumbles into a pile of gold.

$$.#######
#.....#..##
#........## ##
#.........#..#
........<...#
###........##
#).....)..# $
##$S#........#
#.♣###.......#
##..##....##..
##..#....# .
#......#
.......#
#...##.. ...#
....


You could see a water moccasin.

Vanquished Creatures
  An orc warrior (D:5)
  A water moccasin (D:5)
  An ice beast (D:6)
  2 sky beasts (D:5)
  A necrophage (D:4)
  4 phantoms
  2 scorpions (D:5)
  A water moccasin zombie (D:3)
  A howler monkey (D:5)
  A bullfrog zombie (D:5)
  A hound (D:5)
  A jelly (D:4)
  An orc priest (D:5)
  A scorpion zombie (D:5)
  A centaur skeleton (D:4)
  2 iguanas
  An orc wizard (D:5)
  A howler monkey skeleton (D:5)
  9 adders
  4 gnolls
  A howler monkey zombie (D:5)
  An ufetubus (D:4)
  2 adder skeletons (D:4)
  2 worms
  2 dart slugs
  10 orcs
  4 ball pythons
  9 endoplasms
  4 giant cockroaches
  A hobgoblin (D:1)
  4 quokkas
  7 frilled lizards
  3 goblins
  9 kobolds
  7 rats
103 creatures vanquished.

Notes
Turn   | Place    | Note
-------+----------+-------------------------------------------
     0 | D:1      | Zeld the Draconian Transmuter began the quest for the Orb.
     0 | D:1      | Reached XP level 1. HP: 16/16 MP: 3/3
   318 | D:2      | Reached XP level 2. HP: 21/23 MP: 3/5
   328 | D:2      | Learned a level 2 spell: Wereblood
   605 | D:3      | Reached skill level 1 in Poison Magic
   742 | D:3      | Reached skill level 1 in Ice Magic
  1468 | D:2      | Noticed a phantom
  1489 | D:2      | Killed a phantom
  1490 | D:2      | Reached skill level 2 in Fighting
  1490 | D:2      | Reached XP level 3. HP: 6/30 MP: 6/6
  1490 | D:2      | Reached XP level 4. HP: 8/37 MP: 7/7
  1499 | D:2      | Learned a level 3 spell: Spider Form
  2148 | D:3      | Found a faded altar of an unknown god.
  2215 | D:2      | Reached XP level 5. HP: 24/44 MP: 1/8
  2467 | D:3      | Reached skill level 3 in Fighting
  2591 | D:4      | Noticed a phantom
  2614 | D:4      | Killed a phantom
  2705 | D:4      | Learned a level 4 spell: Ice Form
  2787 | D:4      | Reached skill level 4 in Fighting
  2787 | D:4      | Reached XP level 6. HP: 48/52 MP: 8/10
  3220 | D:5      | Entered Level 5 of the Dungeon
  3304 | D:5      | Found a staircase to the Ecumenical Temple.
  3319 | Temple   | Entered the Ecumenical Temple
  3390 | Temple   | Became a worshipper of Gozag Ym Sagoz the Greedy
  4458 | D:2      | Reached skill level 5 in Fighting
  4569 | D:3      | Found a broken altar of Ashenzari.
  4584 | D:3      | Identified the +1 leather armour of the Boiling Point
                  | {Rampage Will+}
  4616 | D:3      | Your scales start taking on a golden yellow colour.
  4616 | D:3      | Reached XP level 7. HP: 51/61 MP: 12/12
  4616 | D:3      | Gained mutation: You are resistant to acid. (rCorr) [Yellow
                  | Draconian growth]
  5862 | D:5      | Reached skill level 6 in Fighting
  6272 | D:5      | Reached XP level 8. HP: 43/71 MP: 10/14
  6553 | D:5      | Reached skill level 7 in Fighting
  7123 | D:5      | Reached skill level 5 in Transmutations
  7641 | D:6      | HP: 4/111 [water moccasin (4)]
  7653 | D:6      | HP: 4/111 [poisoned by a water moccasin]
  7654 | D:6      | Reached skill level 5 in Spellcasting
  7655 | D:6      | Succumbed to a water moccasin's poison

Illustrated notes

Levels and vault maps discovered:
D:1:      dpeg_arrival_tiny_c, layout_loops_cross, minmay_misc_feat_four_crosses
D:2:      layout_rooms, minmay_misc_feat_more_columns, minmay_ruptured
D:3:      layout_rooms, cheibrodos_ashenzari_chains,
          hellmonk_ecumenical_altar_defaced_shrine, minmay_crystal_water
D:4:      layout_basic
D:5:      layout_cave_pods, minmay_temple_entry_metal_lava,
          minmay_manual_mandibuliform
D:6:      layout_layer_cave
Temple:   eino_temple_scatter_basement

Skill      XL: |  1  2  3  4  5  6  7  8 |
---------------+-------------------------+-----
Poison Magic   | 1 2 |  2.0
Ice Magic      | 1 2 |  2.0
Fighting       | 2 4 5 6 7 |  7.9
Spellcasting   | 3 4 5 |  5.0
Transmutations | 3 4 5 |  5.3
Dodging        | 2 |  2.0
Unarmed Combat | |  3.4

Action                   |  1- 3 |  4- 6 |  7- 9 || total
-------------------------+-------+-------+-------++-------
Melee: Unarmed           |    69 |   158 |   163 ||   390
       Kick              |    15 |    36 |    10 ||    61
       Tailslap          |    12 |    18 |     5 ||    35
       Headbutt          |     2 |    21 |     7 ||    30
       Punch             |       |     4 |     1 ||     5
 Cast: Beastly Appendage |    17 |    34 |    15 ||    66
       Spider Form       |       |     2 |    12 ||    14
       Ice Form          |       |       |     1 ||     1
       Wereblood         |       |       |     1 ||     1
 Abil: Breathe Acid      |       |       |     2 ||     2
  Use: Potion            |       |       |     4 ||     4
 Stab: Sleeping          |     1 |       |     2 ||     3
Armor: Skin              |     9 |    40 |    42 ||    91
Dodge: Dodged            |    35 |   113 |   132 ||   280
